 Dungeon Crawl Stone Soup version 0.30.1-3-gfc49f6343a (webtiles) character file.

Game seed: 838227350109122324

73 Wiggles the Chopper (level 4, 0/39 HPs)
             Began as a Minotaur Berserker on Aug 4, 2023.
             Was a Believer of Trog.
             Killed from afar by Natasha (9 damage)
             ... with a magic dart
             ... on level 2 of the Dungeon.
             The game lasted 00:02:11 (1433 turns).

Wiggles the Chopper (Minotaur Berserker)            Turns: 1433, Time: 00:02:11

Health: 0/39       AC:  3    Str: 24    XL:     4   Next: 8%
Magic:  3/3        EV: 11    Int:  4    God:    Trog [**....]
Gold:   48         SH:  3    Dex:  9    Spells: 3/3 levels left

rFire   . . .        a - +0 hand axe
rCold   . . .        e - +0 buckler
rNeg    . . .        b - +0 animal skin
rPois   .            (helmet restricted)
rElec   .            f - +0 cloak
rCorr   .            (no gloves)
SInv    .            (no boots)
Will    .....        (no amulet)
Stlth   +            (no ring)
HPRegen 0.26/turn    (no ring)
MPRegen 0.08/turn

%: no passive effects
@: slowed, very slow
A: horns 2, retaliatory headbutt
a: Renounce Religion, Berserk, Trog's Hand


You were on level 2 of the Dungeon.
You worshipped Trog.
Trog was pleased with you.
You visited 1 branch of the dungeon, and saw 2 of its levels.

You collected 48 gold pieces.

Inventory:

Hand Weapons
 a - a +0 hand axe (weapon)
Armour
 b - a +0 animal skin (worn)
 e - a +0 buckler (worn)
 f - a +0 cloak (worn)
Scrolls
 d - a scroll of vulnerability {unknown}
 h - a scroll of magic mapping {unknown}
 j - a scroll of poison {unknown}
 k - a scroll of blinking {unknown}
Potions
 c - a potion of curing {unknown}
 g - 2 potions of brilliance {unknown}
 i - a potion of mutation {unknown}


   Skills:
 - Level 3.6 Fighting
 + Level 5.8 Axes
 - Level 2.4 Armour
 - Level 2.1 Dodging
 + Level 0.3 Stealth
 + Level 0.8 Shields


You had 3 spell levels left.
You didn't know any spells.
Your spell library was empty.

Dungeon Overview and Level Annotations

Branches:
Dungeon (2/15)

Altars:

Annotations:
D:2 Natasha


Innate Abilities, Weirdness & Mutations

You have a pair of horns on your head.
You reflexively headbutt those who attack you in melee.


Message History

The bat is moderately wounded.
The bat hits you.
Natasha, Servant of Life and Death comes into view.
Natasha hisses angrily.
You hit the bat.
You kill the bat!
Trog accepts your kill.
No target in view!
No target in view!
Natasha stares at you and mumbles some strange words.
You feel yourself slow down.
Natasha casts a spell.
Natasha casts a spell at you. The magic dart hits you!
You hit Natasha but do no damage. Your headbutt misses Natasha.
The cerulean imp hits you from afar with a +2 spear.
Natasha mumbles some strange words.
Natasha shimmers violently.
You block Natasha's attack. The cerulean imp misses you.
You hit Natasha.
Natasha is lightly wounded.
Natasha closely misses you. You block the cerulean imp's attack.
Natasha claws you. The cerulean imp barely misses you.
You barely miss Natasha.
Natasha is lightly wounded.
Natasha mumbles some strange words.
You feel disoriented. Natasha claws you. The cerulean imp misses you.
Natasha growls.
Natasha claws you!
* * * LOW HITPOINT WARNING * * *
You closely miss Natasha.
Natasha is lightly wounded.
The cerulean imp hits you from afar with a +2 spear.
* * * LOW HITPOINT WARNING * * *
Natasha mumbles some strange words.
You feel troubled. Natasha casts a spell at you. The magic dart hits you!
You die...

.#..........##......
####...####..#.#.... #
#...## ##........
###....######.#.... ##.
#.........## ........$.
###...#.#..##....##....
#≈≈≈≈~~#..#.............
####...#......###..#..#.
............†.@h5.....
................$...###
.....................#
..............##<..#.#
.........#.##......#
!...!.###...........
..... ##.......... ...
......#... ...#......


You could see Natasha and a cerulean imp (summoned).

Vanquished Creatures
  Natasha (D:2)
  An adder (D:2)
  5 ball pythons (D:1)
  3 endoplasms
  A giant cockroach (D:1)
  5 hobgoblins (D:1)
  A quokka (D:1)
  5 bats
  7 goblins
  6 kobolds (D:1)
  4 rats
39 creatures vanquished.

Notes
Turn   | Place    | Note
-------+----------+-------------------------------------------
     0 | D:1      | Wiggles the Minotaur Berserker began the quest for the Orb.
     0 | D:1      | Reached XP level 1. HP: 19/19 MP: 0/0
    51 | D:1      | Reached skill level 4 in Axes
   204 | D:1      | Reached XP level 2. HP: 25/26 MP: 1/1
   889 | D:1      | Reached ** piety under Trog
  1013 | D:1      | Reached skill level 5 in Axes
  1013 | D:1      | Reached XP level 3. HP: 30/31 MP: 2/2
  1261 | D:2      | Noticed Natasha
  1268 | D:2      | Killed Natasha
  1312 | D:2      | Reached XP level 4. HP: 28/39 MP: 3/3
  1424 | D:2      | Noticed Natasha
  1433 | D:2      | Killed from afar by Natasha

Illustrated notes

Levels and vault maps discovered:
D:1:      shiori_arrival_oz, layout_loops_corners, dreamdust_princess_bridge,
          nicolae_eternal_life, due_unseen_surprise
D:2:      layout_rooms, chequers_serial_rivers_micro_b, minmay_rat_gold_closets,
          uniq_natasha

Skill      XL: |  1  2 |
---------------+-------+-----
Axes           | 4 5 |  5.8
Fighting       | |  3.6
Armour         | |  2.4
Dodging        | |  2.1
Stealth        | |  0.3
Shields        | |  0.8

Action                     |  1- 3 |  4- 6 || total
---------------------------+-------+-------++-------
  Melee: Hand axe          |    87 |     9 ||    96
         Headbutt          |     9 |       ||     9
   Stab: Sleeping          |     1 |       ||     1
 Armour: Animal skin       |    25 |     6 ||    31
  Dodge: Dodged            |    48 |     6 ||    54
  Block: Buckler           |     5 |     2 ||     7
